Map: [ESL] Babylon

Players

Creator

  • Race: Protoss Protoss

GuMiho - Winner!

  • Race: Terran Terran

Event: IEM Katowice 2023

VOD

Have the link to the VOD?

Description

Time

  • Played on: Feb. 10, 2023, 5:41 a.m.
  • Length: 10:19

All games in this series

Show
View Real Time Build Order
Export as new Build Order

Creator Protoss 

Build Orders: 1 Gate Expand, Blink Stalkers 

Get SALT Encoding   

  12  0:00  Probe  
  13  0:12  Probe  
  14  0:17  Pylon  
  14  0:24  Probe (Chrono Boost)  
  15  0:36  Probe (Chrono Boost)  
  15  0:38  Gateway  
  16  0:44  Probe (Chrono Boost)  
  16  0:47  Assimilator  
  17  0:51  Probe  
  18  1:03  Probe  
  19  1:15  Probe  
  20  1:25  Cybernetics Core  
  20  1:33  Nexus  
  20  1:39  Pylon  
  20  1:43  Probe  
  21  1:49  Assimilator  
  21  1:55  Probe  
  21  1:59  Adept (Chrono Boost)  
  22  2:03  Warp Gate  
  22  2:08  Probe  
  24  2:19  Adept (Chrono Boost)  
  24  2:20  Probe  
  27  2:25  Twilight Council  
  27  2:32  Probe  
  28  2:41  Stalker  
  30  2:45  Probe (Chrono Boost)  
  30  2:50  Probe (Chrono Boost)  
  32  2:54  Probe (Chrono Boost)  
  32  2:57  Blink (Chrono Boost)  
  32  2:58  Probe (Chrono Boost)  
  34  2:59  Probe (Chrono Boost)  
  35  3:08  Probe  
  35  3:11  Probe  
  37  3:15  Gateway  
  37  3:20  Probe  
  37  3:26  Gateway, Probe  
  39  3:34  Probe  
  39  3:35  Robotics Facility  
  39  3:40  Shield Battery, Probe  
  41  3:44  Pylon  
  41  3:47  Probe  
  42  3:52  Stalker  
  44  3:59  Pylon  
  44  4:00  Probe  
  44  4:01  Probe  
  46  4:11  Stalker  
  46  4:13  Probe  
  46  4:14  Assimilator  
  46  4:15  Probe  
  46  4:16  Assimilator  
  50  4:19  Stalker  
  50  4:23  Observer (Chrono Boost)  
  50  4:39  Probe x2  
  50  4:41  Warp Prism (Chrono Boost)  
  54  4:48  Shield Battery  
  54  4:50  Stalker  
  56  4:53  Stalker  
  56  4:55  Observer  
  56  4:57  Pylon  
  56  4:59  Probe x2  
  60  5:09  Stalker  
  62  5:17  Probe x2  
  64  5:23  Stalker x2  
  64  5:26  Pylon, Shield Battery  
  64  5:27  Observer  
  68  5:36  Stalker  
  68  5:40  Probe x2  
  68  5:46  Immortal (Chrono Boost)  
  68  5:47  Stalker  
  68  5:49  Stalker  
  65  6:10  Stalker x2  
  66  6:13  Dark Shrine  
  66  6:15  Stalker  
  68  6:18  Pylon  
  68  6:21  Gateway  
  68  6:23  Gateway, Observer (Chrono Boost)  
  67  6:33  Zealot  
  67  6:35  Adept  
  67  6:37  Immortal  
  75  6:41  Stalker  
  75  6:43  Charge (Chrono Boost), Probe x2  
  76  6:57  Stalker x2  
  76  6:59  Probe x2  
  66  7:09  Stalker  
  70  7:16  Stalker  
  70  7:19  Observer  
  71  7:26  Gateway  
  71  7:32  Dark Templar  
  71  7:35  Dark Templar  
  75  7:43  Zealot x3  
  81  7:51  Gateway  
  81  7:53  Gateway  
  81  8:01  Pylon  
  81  8:03  Pylon  
  81  8:09  Dark Templar x2  
  84  8:34  Dark Templar  
  84  8:35  Zealot x2, Dark Templar  
  84  8:38  Archon  
  92  8:42  Stalker  
  92  8:44  Archon  
  92  8:47  Stalker  
  92  8:48  Stalker x2  
  100  8:50  Archon  
  100  9:03  Zealot  
  88  9:15  Stalker  
  88  9:16  Stalker x6  
  64  9:38  Zealot x2  
  62  9:39  Zealot x4  
  62  9:44  Zealot  
  74  9:46  Zealot  
  60  10:06  Stalker  
  60  10:07  Zealot, Stalker  
  54  10:08  Zealot  
Show
View Real Time Build Order
Export as new Build Order

GuMiho Terran - Winner!

Build Orders:  

Get SALT Encoding   

  12  0:00  SCV  
  13  0:12  SCV  
  14  0:17  Supply Depot  
  14  0:24  SCV  
  15  0:38  SCV  
  15  0:39  Barracks  
  16  0:44  Refinery  
  16  0:50  SCV  
  16  0:53  Refinery  
  17  1:02  SCV  
  18  1:14  SCV  
  19  1:27  Orbital Command, Reaper  
  19  1:31  Supply Depot  
  20  1:42  Factory  
  20  1:52  SCV  
  21  1:59  Barracks Reactor  
  21  2:04  SCV  
  22  2:16  SCV  
  22  2:22  Command Center  
  23  2:28  SCV  
  24  2:33  Starport  
  26  2:37  Widow Mine  
  26  2:40  SCV  
  27  2:45  Supply Depot  
  27  2:47  Marine  
  28  2:53  SCV  
  31  2:58  Widow Mine  
  31  3:07  Marine x2, SCV  
  31  3:10  Medivac  
  36  3:19  SCV  
  37  3:21  Factory Tech Lab  
  37  3:25  Marine x2  
  40  3:34  SCV  
  40  3:37  Supply Depot  
  40  3:43  Siege Tank, Viking  
  40  3:48  Marine x2  
  46  3:53  SCV  
  48  3:59  Orbital Command  
  48  4:05  SCV, Supply Depot  
  48  4:07  Marine  
  50  4:11  Marine  
  50  4:16  Siege Tank  
  54  4:24  Viking  
  56  4:35  SCV x2  
  56  4:38  Marine x2  
  57  4:39  Supply Depot  
  56  4:47  SCV x2  
  56  4:49  Siege Tank  
  61  4:55  Starport Tech Lab  
  61  4:59  Marine, SCV x2, Supply Depot  
  63  5:00  Marine  
  64  5:12  SCV x2  
  66  5:17  Marine x2  
  66  5:21  Siege Tank  
  69  5:24  SCV  
  69  5:25  SCV  
  69  5:27  Refinery  
  69  5:28  Refinery  
  71  5:32  Liberator  
  71  5:35  Marine x2  
  69  5:46  SCV x2  
  70  5:53  Marine x2  
  70  5:54  Siege Tank  
  67  6:09  SCV x2  
  67  6:11  Marine x2  
  70  6:13  Supply Depot  
  70  6:15  Supply Depot  
  71  6:20  Raven  
  71  6:23  Barracks  
  71  6:24  SCV  
  71  6:25  Engineering Bay, Barracks  
  74  6:27  SCV  
  74  6:28  Marine  
  74  6:29  Marine  
  75  6:35  Siege Tank  
  78  6:40  SCV  
  78  6:41  SCV  
  78  6:46  Marine x2  
  82  6:50  Barracks  
  82  6:52  Barracks  
  69  7:01  SCV  
  69  7:04  Marine  
  69  7:05  Terran Infantry Weapons Level 1  
  66  7:09  SCV  
  66  7:10  Siege Tank  
  66  7:11  Starport Reactor  
  66  7:14  Barracks Tech Lab  
  70  7:20  Supply Depot x2  
  70  7:21  Marine  
  71  7:23  Missile Turret  
  71  7:26  Stimpack  
  71  7:27  Marine  
  71  7:29  Marine  
  73  7:32  Combat Shield  
  73  7:34  Marine  
  74  7:42  Siege Tank  
  77  7:48  Supply Depot  
  77  7:49  Barracks Reactor  
  77  7:50  Supply Depot  
  77  7:51  Barracks Tech Lab  
  77  7:54  Marine x2  
  77  7:56  Marine  
  80  7:58  Marine  
  80  8:01  Medivac  
  80  8:05  Medivac  
  85  8:09  Marine  
  85  8:12  Marine  
  87  8:15  Concussive Shells  
  87  8:17  Siege Tank  
  87  8:19  Marauder  
  92  8:20  Marine  
  92  8:23  Marauder  
  95  8:27  Marine, Marauder  
  95  8:29  Marine  
  99  8:38  Medivac  
  99  8:41  Medivac  
  103  8:43  Marine x3  
  103  8:44  Marine  
  103  8:45  Marine  
  110  8:48  Marauder  
  109  9:01  Marauder  
  109  9:02  Siege Tank  
  116  9:03  Marauder  
  116  9:10  Marauder  
  102  9:21  Marine  
  102  9:23  Marauder  
  103  9:24  Marauder  
  103  9:26  Marine  
  103  9:28  Marine  
  102  9:31  Marauder  
  102  9:35  Widow Mine  
  102  9:36  Medivac  
  102  9:37  Medivac  
  102  9:38  Marine  
  106  9:44  Marauder  
  109  9:45  Marauder  
  109  9:47  Orbital Command  
  109  9:48  Marine  
  109  9:49  Supply Depot  

Tags
 
Add a new tag
Caveats
  • Supply blocks, unpowered buildings, or Contaminate may cause inaccurate times.
  • Supply counts are checked every 10 seconds.